 Dungeon Crawl Stone Soup version 0.27.1-34-g3ba077fa99 (webtiles) character file.

Game seed: 5061255464814766687

38 pkoi the Insei (level 3, 0/31 HPs)
             Began as a Draconian Monk on Jan 6, 2022.
             Succumbed to an adder's poison
             ... on level 2 of the Dungeon.
             The game lasted 00:01:13 (1309 turns).

pkoi the Insei (Draconian Monk)                     Turns: 1309, Time: 00:01:14

Health: 0/31       AC:  5    Str: 11 (13) XL:     3   Next: 25%
Magic:  3/3        EV: 12    Int:  9 (11) God:
Gold:   52         SH:  0    Dex: 12 (13) Spells: 2/2 levels left

rFire    + . .     SeeInvis .     - Unarmed
rCold    + . .     Faith    .   (no shield)
rNeg     . . .     Spirit   .   (armour unavailable)
rPois    +         Reflect  .   (helmet restricted)
rElec    +         Harm     .   (no cloak)
rCorr    +         Rampage  .   (no gloves)
Will     .....                  (no boots)
Stlth    ++........             (no amulet)
HPRegen  0.10/turn              (no ring)
MPRegen  0.08/turn              (no ring)

@: lethally poisoned (0 -> -1), resistant
A: AC +5, unfitting armour, cold-blooded
a: no special abilities


You were on level 2 of the Dungeon.
You visited 1 branch of the dungeon, and saw 2 of its levels.

You collected 52 gold pieces.

Inventory:

Hand Weapons
 c - a +0 dagger
Scrolls
 a - 2 scrolls of teleportation {unknown}


   Skills:
 - Level 3.2 Fighting
 - Level 2.6 Dodging
 - Level 1.7 Stealth
 + Level 4.4 Unarmed Combat


You had 2 spell levels left.
You didn't know any spells.
Your spell library was empty.

Dungeon Overview and Level Annotations

Branches:
Dungeon (2/15)

Altars:


Innate Abilities, Weirdness & Mutations

Your plain brown scales are hard. (AC +5)
You cannot fit into any form of body armour.
You are cold-blooded and may be slowed by cold attacks.


Message History

The adder is severely wounded.
You feel sick. The adder bites you but does no damage.
You closely miss the adder. You tail-slap the adder.
The adder is almost dead.
You feel sick. The adder bites you.
* * * LOW HITPOINT WARNING * * *
You are lethally poisoned!
The adder poisons you!
You barely miss the adder.
The adder is almost dead.
* * * LOW HITPOINT WARNING * * *
You feel very sick. The adder closely misses you.
You hit the adder.
You kill the adder!
* * * LOW HITPOINT WARNING * * *
You feel sick.
* * * LOW HITPOINT WARNING * * *
You feel sick.
* * * LOW HITPOINT WARNING * * *
You feel sick.
Unknown command.
There is a lethal amount of poison in your body!
It was a potion of resistance.
You feel protected.
* * * LOW HITPOINT WARNING * * *
You feel sick.
It was a potion of degeneration.
There was something very wrong with that liquid.
You feel weakened.
You feel dopey.
You feel clumsy.
* * * LOW HITPOINT WARNING * * *
You feel sick.
There is a lethal amount of poison in your body!
There is a lethal amount of poison in your body!
There is a lethal amount of poison in your body!
* * * LOW HITPOINT WARNING * * *
You feel sick.
* * * LOW HITPOINT WARNING * * *
You feel sick.
You die...

######......# #.
####.### #. ##### #.#
#. ...# #.# #.
###.#####.####### #.
#...............# #.
#....#.#####.#####.####
[.. #.# #.#####.##.. #
#@# #.##.......#
#.....# #.##.##.####
####### #.##.##.# #
###.......# #
#.......### #.####..#
#.####..### #.##......#
#.##.##.#.#


There were no monsters in sight!

Vanquished Creatures
  An adder (D:2)
  A dart slug (D:1)
  5 bats (D:1)
  2 goblins (D:1)
  3 hobgoblins (D:1)
  2 jackals (D:1)
  A kobold (D:1)
  2 quokkas (D:1)
  5 ball pythons
  A frilled lizard (D:1)
  2 rats (D:1)
25 creatures vanquished.

Notes
Turn   | Place    | Note
-------+----------+-------------------------------------------
     0 | D:1      | pkoi the Draconian Monk began the quest for the Orb.
     0 | D:1      | Reached XP level 1. HP: 19/19 MP: 1/1
   190 | D:1      | Reached XP level 2. HP: 12/26 MP: 2/2
   617 | D:1      | Found a faded altar of an unknown god.
   636 | D:1      | Reached skill level 4 in Unarmed Combat
  1055 | D:1      | Reached XP level 3. HP: 28/31 MP: 3/3
  1308 | D:2      | HP: 1/31 [poisoned by an adder]
  1309 | D:2      | Succumbed to an adder's poison

Illustrated notes

Levels and vault maps discovered:
D:1:      lightli_arrival_maybe_door_vault, layout_loops_cross,
          shapermc_ecumenical_altar_totnotflames
D:2:      layout_loops_cross, minmay_tetromino_t2

Skill      XL: |  1  2 |
---------------+-------+-----
Unarmed Combat | 4 |  4.4
Fighting       | |  3.2
Dodging        | |  2.6
Stealth        | |  1.7

Action                   || total
-------------------------++-------
Melee: Unarmed           ||    85
       Tailslap          ||    12
       Punch             ||     1
  Use: Potion            ||     2
 Stab: Sleeping          ||     4
Armor: Skin              ||    34
Dodge: Dodged            ||    72
